 Dungeon Crawl Stone Soup version 0.26-a0-660-gc07710193c (webtiles) character file.

Game seed: 2267064907127198538

167 timneilson the Shield-Bearer (level 5, -6/33 HPs)
             Began as a Gargoyle Fighter on Oct 6, 2020.
             Killed from afar by an orc wizard (8 damage)
             ... with a puff of flame
             ... on level 3 of the Dungeon.
             The game lasted 00:04:03 (2031 turns).

timneilson the Shield-Bearer (Gargoyle Fighter)     Turns: 2031, Time: 00:04:04

Health: -6/33      AC: 13    Str: 21    XL:     5   Next: 48%
Magic:  5/5        EV:  7    Int:  8    God:
Gold:   146        SH:  9    Dex:  9    Spells: 4/4 levels left

rFire    . . .     SeeInvis .   a - +0 long sword
rCold    . . .     Faith    .   c - +0 kite shield
rNeg     + . .     Spirit   .   b - +0 scale mail
rPois    ∞         Reflect  .   (no helmet)
rElec    +         Harm     .   (no cloak)
rCorr    +         Rampage  .   (no gloves)
MR       .....                  i - +1 pair of boots
Stlth    ..........             f - amulet of the acrobat
HPRegen  0.11/turn              j - ring of resist corrosion
MPRegen  0.09/turn              (no ring)

@: brilliant, flying (expiring)
A: negative energy resistance 1, electricity resistance, unbreathing,
petrification resistance, rot immunity, AC +4
a: no special abilities


You were on level 3 of the Dungeon.
You visited 1 branch of the dungeon, and saw 3 of its levels.

You collected 146 gold pieces.

Inventory:

Hand Weapons
 a - a +0 long sword (weapon)
Armour
 b - a +0 scale mail (worn)
 c - a +0 kite shield (worn)
 i - a +1 pair of boots (worn)
Jewellery
 f - an amulet of the acrobat (around neck)
 j - a ring of resist corrosion (left hand)
Scrolls
 e - 2 scrolls of remove curse
 g - a scroll of identify
 h - a scroll of teleportation
 n - a scroll of amnesia
Potions
 d - a potion of might


   Skills:
 + Level 3.9 Fighting
 * Level 3.0 Long Blades
 * Level 4.4 Armour
 * Level 4.4 Shields


You had 4 spell levels left.
You didn't know any spells.
Your spell library was empty.

Dungeon Overview and Level Annotations

Branches:
Dungeon (3/15)

Altars:


Innate Abilities, Weirdness & Mutations

You are resistant to torment.
Your stone body is resilient. (AC +4)
You are immune to poison.
You resist negative energy. (rN+)
You are resistant to electric shocks. (rElec)
You can survive without breathing.
You are immune to petrification.
You are immune to rotting.


Message History

You closely miss something. Something hits you.
* * * LOW HITPOINT WARNING * * *
You miss something.
You hear some strange, mumbled words.
A magic dart appears from out of thin air!
The magic dart hits you.
* * * LOW HITPOINT WARNING * * *
You block something's attack.
You closely miss something. Something hits you but does no damage.
You miss something.
You are starting to lose your buoyancy.
Something hits you but does no damage.
Your shield and scale mail prevent you from hitting something.
Something hits you but does no damage. x2
You slash something! You block something's attack.
You miss something.
You hear some strange, mumbled words.
A puff of flame appears from out of thin air!
The puff of flame hits you!
You die...

...# ...## ##. #...# #..
....# #.... #########
.#..###.##.# #.......#
......#.##.# #.......###
.....)..##.# #..........
....#.#.##.# #.......###
....#.#)##.# #.{@.......
.##.#.#.##.###..[....###
.......<.......†.......#
..#.......†#...#########
..#........#...#
....#'####.#####
.#.##... ..#
.#..#####..# .##.# #..#


There were no monsters in sight!

Vanquished Creatures
  An orc wizard (D:3)
  An orc priest (D:3)
  2 adders (D:2)
  An ooze (D:2)
  2 dart slugs
  6 leopard geckos
  2 orcs
  2 ball pythons (D:2)
  A giant cockroach (D:1)
  7 goblins
  8 hobgoblins
  7 jackals (D:2)
  A quokka (D:2)
  8 bats
  3 frilled lizards
  10 kobolds
  12 rats
74 creatures vanquished.

Notes
Turn   | Place    | Note
-------+----------+-------------------------------------------
     0 | D:1      | timneilson the Gargoyle Fighter began the quest for the
                  | Orb.
     0 | D:1      | Reached XP level 1. HP: 14/14 MP: 1/1
    37 | D:1      | Reached XP level 2. HP: 18/19 MP: 2/2
   511 | D:1      | Reached XP level 3. HP: 21/23 MP: 3/3
  1128 | D:2      | Reached XP level 4. HP: 27/28 MP: 4/4
  1938 | D:3      | Reached XP level 5. HP: 33/33 MP: 5/5
  2008 | D:3      | HP: 1/33 [something/puff of flame (5)]
  2026 | D:3      | HP: 1/33 [something/magic dart (1)]
  2031 | D:3      | Killed from afar by an orc wizard

Illustrated notes

Levels and vault maps discovered:
D:1:      dpeg_arrival_stonehenge_12_columns, layout_basic
D:2:      layout_basic
D:3:      layout_basic

Skill      XL: |  1  2  3  4  5 |
---------------+----------------+-----
Long Blades    | 2 3 |  3.0
Armour         | 4 |  4.4
Shields        | 4 |  4.4
Fighting       | |  3.9

Action                   |  1- 3 |  4- 6 || total
-------------------------+-------+-------++-------
Melee: Long sword        |   119 |   194 ||   313
  Use: Scroll            |     6 |     2 ||     8
       Potion            |       |     3 ||     3
Armor: Scale mail        |    59 |   177 ||   236
Dodge: Dodged            |    36 |    97 ||   133
Block: Kite shield       |    66 |   126 ||   192
       Rpst.: Long sword |    14 |    19 ||    33

Table legend: (Time is in decaauts)
 A = Elapsed time spent in this place.
 B = Non-inter-level travel time spent in this place.
 C = Inter-level travel time spent in this place.
 D = Time resting spent in this place.
 E = Time spent auto-exploring this place.
 F = Levels seen in this place.
 G = Mean time per level.
                   A        B        C        D        E       F      G
               +--------+--------+--------+--------+--------+-----+--------+
         Total |   2144 |   2081 |     63 |     56 |   1315 |   3 |  714.7 |
       Dungeon |   2144 |   2081 |     63 |     56 |   1315 |   3 |  714.7 |
               +--------+--------+--------+--------+--------+-----+--------+

Top non-repeatable levels by time:
     D:1: 1007 daAuts
     D:2: 975 daAuts
     D:3: 161 daAuts
